 Dungeon Crawl Stone Soup version 0.27-a0-1181-g5f64966fcc (webtiles) character file.

Game seed: 1431080985500772764

703 bande the Shield-Bearer (level 7, -3/44 HPs)
             Began as a Gargoyle Fighter on May 17, 2021.
             Slain by a wight
             ... wielding a +2 dagger
              (6 damage)
             ... on level 4 of the Dungeon.
             The game lasted 00:07:44 (4195 turns).

bande the Shield-Bearer (Gargoyle Fighter)          Turns: 4195, Time: 00:07:44

Health: -3/44      AC: 18    Str: 21    XL:     7   Next: 66%
Magic:  7/7        EV:  5    Int:  8    God:
Gold:   158        SH: 10    Dex: 16    Spells: 6/6 levels left

rFire    . . .     SeeInvis .   a - +0 war axe (flame)
rCold    . . .     Faith    .   c - +0 kite shield
rNeg     + . .     Spirit   .   h - +0 plate armour
rPois    ∞         Reflect  .   g - +0 helmet
rElec    +         Harm     .   (no cloak)
rCorr    .         Rampage  .   (no gloves)
Will     .....                  (no boots)
Stlth    ..........             (no amulet)
HPRegen  0.14/turn              l - +6 ring of dexterity
MPRegen  0.10/turn              (no ring)

@: brilliant, attractive, flying
A: sickness immunity, AC +4, negative energy resistance 1, electricity
resistance, torment resistance 1, petrification resistance
a: no special abilities


You were on level 4 of the Dungeon.
You visited 1 branch of the dungeon, and saw 4 of its levels.

You collected 158 gold pieces.

Inventory:

Hand Weapons
 a - a +0 war axe of flaming (weapon)
 b - a +0 flail
Missiles
 e - 5 curare-tipped darts (quivered)
Armour
 c - a +0 kite shield (worn)
 g - a +0 helmet (worn)
 h - a +0 plate armour (worn)
Jewellery
 l - a +6 ring of dexterity (left hand)
Scrolls
 d - 3 scrolls of identify
 f - a scroll of fog
 m - a scroll of amnesia {unknown}
Potions
 i - a potion of might
 j - a potion of mutation


   Skills:
 + Level 4.4 Fighting
 + Level 5.1 Axes
 + Level 4.6 Armour
 + Level 1.5 Dodging
 + Level 5.3 Shields


You had 6 spell levels left.
You didn't know any spells.
Your spell library was empty.

Dungeon Overview and Level Annotations

Branches:
Dungeon (4/15)
 Temple: D:4-7

Altars:
Dithmenos
Kikubaaqudgha
Sif Muna
Uskayaw


Innate Abilities, Weirdness & Mutations

You are immune to sickness and miasma.
Your stone body is resilient. (AC +4)
You are immune to poison.
You resist negative energy. (rN+)
You are resistant to electric shocks. (rElec)
You are resistant to unholy torment.
You are immune to petrification.


Message History

The wight is heavily damaged.
The wight hits you with a +0 flail.
* * * LOW HITPOINT WARNING * * *
You block the wight's attack.
You closely miss the wight.
The wight is heavily damaged.
You completely miss the wight. You block the wight's attack. x2
The wight hits you but does no damage. The wight hits you with a +4 hand axe.
* * * LOW HITPOINT WARNING * * *
You hit the wight. You burn the wight.
The wight is severely damaged.
Your shield and plate armour prevent you from hitting the wight.
You block the wight's attack.
The wight hits you but does no damage. x3
The wight hits you with a +0 flail!
* * * LOW HITPOINT WARNING * * *
You hit the wight. You burn the wight.
You destroy the wight!
You hit the wight but do no damage. You block the wight's attack.
The wight barely misses you. The wight hits you but does no damage.
You block the wight's attack.
Things that are here:
a +4 hand axe; a +0 robe It was a potion of attraction.
You feel attractive to monsters. The wight hits you with a +0 flail.
* * * LOW HITPOINT WARNING * * *
The wight is pulled toward you!
It was a potion of flight.
You feel very buoyant.
You fly up into the air.
The wight hits you but does no damage. You block the wight's attack. x2
It was a potion of brilliance.
You feel clever all of a sudden. You block the wight's attack.
The wight hits you but does no damage. x2
You barely miss the wight. x2; You slash the wight!
You burn the wight.
You destroy the wight!
The wight hits you but does no damage. x2; You block the wight's attack. x2
You closely miss the wight. You slash the wight! You burn the wight.
The wight hits you with a +2 dagger.
You die...

...'##.).#
....#....#
......##.##
..........#
.....###..# #..#.#
#..# #.######..#
#.........#########
#########.......@z#
#######)#z# ###.#
.# .# .# .# ##


You could see 2 wights.

Vanquished Creatures
  Sigmund (D:2)
  A black bear (D:4)
  A phantom (D:4)
  A scorpion (D:4)
  3 wights (D:4)
  A jelly (D:4)
  3 adders
  3 gnolls
  An adder skeleton (D:4)
  A worm (D:2)
  3 dart slugs
  3 orcs
  8 bats
  3 endoplasms
  2 giant cockroaches
  4 goblins
  4 hobgoblins
  13 jackals
  12 kobolds
  6 quokkas
  2 ball pythons
  3 frilled lizards
  4 rats
83 creatures vanquished.

Notes
Turn   | Place    | Note
-------+----------+-------------------------------------------
     0 | D:1      | bande the Gargoyle Fighter began the quest for the Orb.
     0 | D:1      | Reached XP level 1. HP: 14/14 MP: 1/1
   117 | D:1      | You fall into a shaft and drop 1 floor!
   124 | D:2      | Reached XP level 2. HP: 19/19 MP: 2/2
   757 | D:1      | Reached XP level 3. HP: 23/23 MP: 3/3
  1298 | D:2      | Noticed Sigmund
  1507 | D:1      | Reached skill level 1 in Dodging
  1621 | D:2      | Killed Sigmund
  1622 | D:2      | Reached XP level 4. HP: 14/29 MP: 4/4
  1622 | D:2      | Reached XP level 5. HP: 15/33 MP: 5/5
  1850 | D:2      | Reached XP level 6. HP: 38/38 MP: 6/6
  1955 | D:2      | Found a shadowy altar of Dithmenos.
  3192 | D:4      | Found an ancient bone altar of Kikubaaqudgha.
  3386 | D:4      | Found a hide-covered altar of Uskayaw.
  3464 | D:4      | Noticed a black bear
  3474 | D:4      | Killed a black bear
  3624 | D:4      | Reached XP level 7. HP: 38/43 MP: 7/7
  3689 | D:4      | Found a shimmering blue altar of Sif Muna.
  3703 | D:4      | Reached skill level 5 in Shields
  4182 | D:4      | Reached skill level 5 in Axes
  4191 | D:4      | HP: 2/44 [wight/+0 flail (1)]
  4195 | D:4      | Slain by a wight

Illustrated notes

Levels and vault maps discovered:
D:1:      eino_arrival_cavern_d, layout_loops_ring
D:2:      layout_loops_cross, basic_altar, hangedman_decor_peaks_small,
          hex_tiny, grunt_ministairs_9, uniq_sigmund
D:3:      layout_basic
D:4:      layout_basic, nicolae_overflow_hidden_temple, old_standard_altar,
          lemuel_coloured_pillars_altar, marbit_many_paths, enter_ossuary_5

Skill      XL: |  1  2  3  4  5  6  7 |
---------------+----------------------+-----
Axes           | 2 3 4 5 |  5.1
Dodging        | 1 |  1.5
Armour         | 4 |  4.6
Shields        | 4 5 |  5.3
Fighting       | 4 |  4.4

Action                   |  1- 3 |  4- 6 |  7- 9 || total
-------------------------+-------+-------+-------++-------
Melee: War axe           |   111 |    93 |    41 ||   245
  Use: Potion            |     1 |       |     3 ||     4
       Scroll            |       |     3 |       ||     3
Armor: Scale mail        |    83 |    20 |       ||   103
       Plate armour      |       |    38 |    36 ||    74
Dodge: Dodged            |    62 |    25 |     7 ||    94
Block: Kite shield       |    78 |    56 |    35 ||   169

Table legend: (Time is in decaauts)
 A = Elapsed time spent in this place.
 B = Non-inter-level travel time spent in this place.
 C = Inter-level travel time spent in this place.
 D = Time resting spent in this place.
 E = Time spent auto-exploring this place.
 F = Levels seen in this place.
 G = Mean time per level.
                   A        B        C        D        E       F      G
               +--------+--------+--------+--------+--------+-----+--------+
         Total |   4339 |   4293 |     46 |    994 |   2199 |   4 | 1084.8 |
       Dungeon |   4339 |   4293 |     46 |    994 |   2199 |   4 | 1084.8 |
               +--------+--------+--------+--------+--------+-----+--------+

Top non-repeatable levels by time:
     D:2: 1440 daAuts
     D:4: 1068 daAuts
     D:1: 1039 daAuts
     D:3: 790 daAuts
